 Dungeon Crawl Stone Soup version 0.28.0-53-g5a82cb258f (webtiles) character file.

Game seed: 10066924753155728321

87 purpskrrrp the Sneak (level 4, 0/36 HPs)
             Began as a Hill Orc Wanderer on June 23, 2022.
             Slain by Grinder (7 damage)
             ... while paralysed by Grinder
             ... on level 4 of the Dungeon.
             The game lasted 00:13:15 (4048 turns).

purpskrrrp the Sneak (Hill Orc Wanderer)            Turns: 4048, Time: 00:13:16

Health: 0/36       AC:  4    Str: 16    XL:     4   Next: 51%
Magic:  4/6        EV:  2    Int: 12    God:
Gold:   89         SH:  0    Dex: 12    Spells: 5/6 levels left

rFire   . . .      SeeInvis .   a - +0 short sword
rCold   . . .      Faith    .   (no shield)
rNeg    . . .      Spirit   .   c - +0 robe
rPois   .          Reflect  .   b - +0 helmet
rElec   .          Harm     .   (no cloak)
rCorr   .          Rampage  .   e - +0 pair of gloves
Will    .....                   (no boots)
Stlth   ++........              (no amulet)
HPRegen 0.12/turn               (no ring)
MPRegen 0.10/turn               (no ring)

@: paralysed
A: strong 1, wild magic 1
a: no special abilities


You were on level 4 of the Dungeon.
You visited 1 branch of the dungeon, and saw 4 of its levels.

You collected 89 gold pieces.

Inventory:

Hand Weapons
 a - a +0 short sword (weapon)
Missiles
 d - 5 silver boomerangs (quivered)
 o - 11 bolts
Armour
 b - a +0 helmet (worn)
 c - a +0 robe (worn)
 e - a +0 pair of gloves (worn)
Jewellery
 p - an amulet of magic regeneration
Wands
 j - a wand of polymorph (9)
Scrolls
 l - a scroll of magic mapping {unknown}
 m - a scroll of holy word {unknown}
 n - a scroll of identify
Potions
 g - a potion of degeneration
 h - 2 potions of brilliance
 i - a potion of might
 k - a potion of cancellation {unknown}


   Skills:
 + Level 1.9 Fighting
 + Level 2.0 Short Blades
 + Level 1.0 Throwing
 + Level 0.3 Dodging
 + Level 2.6 Stealth
 + Level 1.7 Spellcasting
 + Level 0.6 Conjurations
 + Level 2.2 Air Magic
 + Level 1.0 Evocations


You had 5 spell levels left.
You knew the following spells:

 Your Spells              Type           Power      Damage    Failure   Level
a - Shock                 Conj/Air       20%        1d4       22%         1

Your spell library contained the following spells:

 Spells                   Type           Power      Damage    Failure   Level
 Sublimation of Blood     Necr           1%         N/A       47%         2
 Wereblood                Tmut           1%         N/A       47%         2
 Mephitic Cloud           Conj/Pois/Air  4%         N/A       58%         3
 Dazzling Flash           Conj/Hex       4%         N/A       67%         3
 Ignite Poison            Fire/Tmut/Pois 1%         N/A       71%         3
 Airstrike                Air            4%         N/A       80%         4
 Summon Lightning Spire   Summ/Air       4%         N/A       91%         4
 Iskenderun's Mystic Bla  Conj/Tloc      2%         2d3       96%         4
 Freezing Cloud           Conj/Ice/Air   2%         6-21      99%         5
 Starburst                Conj/Fire      1%         6d3       100%        6
 Summon Hydra             Summ           0%         N/A       100%        7


Dungeon Overview and Level Annotations

Branches:
Dungeon (4/15)
 Temple: D:4-7

Altars:
Xom

Annotations:
D:4 Grinder


Innate Abilities, Weirdness & Mutations

Your muscles are strong. (Str +2)
Your spells are a little harder to cast, but a little more powerful.


Message History

Press: ? - help, Q - select action, (/) - cycle Shift-Dir - straight line, f/p - Grinder
Aim: Grinder (52% to hit)
You throw a curare-tipped dart.
The curare-tipped dart closely misses Grinder.
Grinder hits you!
Throw: dart (curare)
Press: ? - help, Q - select action, (/) - cycle Shift-Dir - straight line, f/p - Grinder
Aim: Grinder (52% to hit)
You throw a curare-tipped dart. The curare-tipped dart hits Grinder.
Grinder closely misses you.
Unknown command.
You barely miss Grinder. Grinder gestures at you.
You resist with significant effort.
You hit Grinder.
Grinder is lightly wounded.
Grinder gestures at you. Pain shoots through your body!
* * * LOW HITPOINT WARNING * * *
You hit Grinder.
Grinder is moderately wounded.
Grinder hits you.
* * * LOW HITPOINT WARNING * * *
You barely miss Grinder.
Grinder is lightly wounded.
Grinder hits you.
* * * LOW HITPOINT WARNING * * *
You writhe in agony.
* * * LOW HITPOINT WARNING * * *
Throw: 5 boomerangs (silver)
Press: ? - help, Q - select action, (/) - cycle Shift-Dir - straight line, f/p - Grinder
Aim: Grinder (lightly wounded, 52% to hit, chaotic)
You throw a silver boomerang.
The silver boomerang hits Grinder but does no damage.
The silver sears Grinder!
Grinder is moderately wounded.
Grinder gestures at you.
You suddenly lose the ability to move!
Grinder hits you!
You die...

.. ....# . ..# #.
#.#.##.#.$. ####..
##.#... . ?# ......
#.......# .##
..§...##..#..#.# ..
≈≈§≈...#..#.... .#
≈≈§≈...#(.##.####.###.#
.......(.<..(5@.......#
.......#.....####.#.#...
.≈≈≈≈..#####.# .#
§≈..... #.# .# §≈._...
### .# §≈.§... .#
....... .# ###.... ..


You could see Grinder.

Vanquished Creatures
  3 adders
  2 worms (D:2)
  An orc (D:3)
  5 bats
  2 endoplasms
  A giant cockroach (D:2)
  3 goblins
  4 hobgoblins
  4 jackals (D:2)
  4 quokkas
  7 ball pythons
  4 frilled lizards
  5 kobolds
  A quokka skeleton (D:4)
  5 rats
51 creatures vanquished.

Vanquished Creatures (others)
  A fungus (D:1)
1 creature vanquished.

Grand Total: 52 creatures vanquished

Notes
Turn   | Place    | Note
-------+----------+-------------------------------------------
     0 | D:1      | purpskrrrp the Hill Orc Wanderer began the quest for the
                  | Orb.
     0 | D:1      | purpskrrrp set off with the following items: a +0 short
                  | sword, a +0 helmet, a +0 robe; and the following spell
                  | memorised: Shock; and the following spells available to
                  | memorise: Airstrike, Summon Lightning Spire
     0 | D:1      | Reached XP level 1. HP: 16/16 MP: 2/2
   555 | D:1      | Reached XP level 2. HP: 23/23 MP: 3/3
   777 | D:1      | Found a faded altar of an unknown god.
  1627 | D:2      | Reached XP level 3. HP: 27/28 MP: 1/4
  1750 | D:2      | HP: 1/28 [worm (10)]
  2559 | D:2      | Gained mutation: Your spells are a little harder to cast,
                  | but a little more powerful. [potion of mutation]
  2559 | D:2      | Gained mutation: Your muscles are strong. (Str +2) [potion
                  | of mutation]
  2866 | D:2      | Reached XP level 4. HP: 31/36 MP: 0/6
  3988 | D:4      | Found a shimmering altar of Xom.
  3989 | D:4      | Noticed Grinder
  4011 | D:4      | Paralysed by Grinder for 6 turns
  4047 | D:4      | Paralysed by Grinder for 4 turns
  4048 | D:4      | Slain by Grinder

Illustrated notes

Levels and vault maps discovered:
D:1:      lightli_arrival_lavapool, layout_loops_cross,
          dreamdust_ecumenical_altar_grove, kennysheep_another_room,
          grunt_decor_resistance, dk_noncrumbling_3,
          hangedman_decor_clover_reticule
D:2:      layout_basic
D:3:      minmay_spotlight, layout_rooms, serial_rivers,
          chequers_serial_rivers_marsh, chequers_serial_rivers_room_a,
          chequers_serial_rivers_small_a, chequers_serial_rivers_micro_e,
          chequers_serial_rivers_micro_b, chequers_serial_rivers_micro_e,
          kennysheep_nub
D:4:      layout_basic, mainiacjoe_overflow_chevrons, uniq_grinder

Skill      XL: |  1  2  3 |
---------------+----------+-----
Air Magic      | 2 |  2.2
Short Blades   | 2 |  2.0
Fighting       | |  1.9
Throwing       | |  1.0
Dodging        | |  0.3
Stealth        | |  2.6
Spellcasting   | |  1.7
Conjurations   | |  0.6
Evocations     | |  1.0

Action                   |  1- 3 |  4- 6 || total
-------------------------+-------+-------++-------
Melee: Short sword       |    98 |    42 ||   140
       Punch             |     3 |       ||     3
Throw: Dart              |       |     5 ||     5
       Boomerang         |       |     1 ||     1
 Cast: Shock             |    41 |    24 ||    65
  Use: Scroll            |     5 |     2 ||     7
       Potion            |     1 |       ||     1
 Stab: Sleeping          |     1 |       ||     1
Armor: Robe              |    29 |     5 ||    34
Dodge: Dodged            |    67 |    21 ||    88
